 Dungeon Crawl Stone Soup version 0.30-a0-924-g0ad0bf95bc (webtiles) character file.

Game seed: 3526955630154009625

4879 DeathPants the Reanimator (level 10, 0/53 HPs)
             Began as a Vine Stalker Necromancer on Mar 21, 2023.
             Was an Initiate of Gozag.
             Slain by a killer bee (3 damage)
             ... on level 10 of the Dungeon on Mar 22, 2023.
             The game lasted 00:30:56 (7324 turns).

DeathPants the Reanimator (VSNe)                    Turns: 7324, Time: 00:30:56

Health: 0/53       AC:  8    Str: 19    XL:     10   Next: 50%
Magic:  0/18       EV: 15    Int: 20    God:    Gozag
Gold:   782        SH:  0    Dex: 31    Spells: 11/19 levels left

rFire   . . .      SeeInvis .    z - +2 dagger (venom)
rCold   . . .      Faith    .    (no shield)
rNeg    . . .      Spirit   +    y - +0 ring mail of the Nice Ladybird {rCorr Dex+5 Stlth+}
rPois   .          Reflect  .    B - +0 helmet
rElec   +          Rampage  .    (no cloak)
rCorr   +                        m - +0 pair of gloves
Will    +....                    q - +0 pair of boots
Stlth   +++++                    (no amulet)
HPRegen 1.08/turn                e - ring "Acouga" {Fly rElec Str+6 Int+5 Dex+3}
MPRegen 0.16/turn                w - +6 ring of dexterity

@: about to teleport, flying
A: fangs 3, regeneration 1, magic shield, antimagic bite, no potion heal 2
a: Renounce Religion, Potion Petition, Call Merchant, Bribe Branch


You were on level 10 of the Dungeon.
You worshipped Gozag.
Gozag was pleased with you.
You visited 2 branches of the dungeon, and saw 11 of its levels.

You collected 1107 gold pieces.
You spent 143 gold pieces at shops.
You paid 182 gold pieces to Gozag.

Inventory:

Hand Weapons
 a - a +2 dagger of electrocution
 b - the +5 rapier of Sunlight {spect, rC+ SInv}
   (You found it on level 6 of the Dungeon)

   rC:        It protects you from cold.
   SInv:      It lets you see invisible.
 k - a +0 scimitar
 z - a +2 dagger of venom (weapon)
Missiles
 x - 15 poisoned darts
 A - 2 curare-tipped darts (quivered)
Armour
 m - a +0 pair of gloves (worn)
 q - a +0 pair of boots (worn)
 y - the +0 ring mail of the Nice Ladybird (worn) {rCorr Dex+5 Stlth+}
   (You found it on level 6 of the Dungeon)

   Dex:       It affects your dexterity (+5).
   rCorr:     It protects you from acid and corrosion.
   Stlth:     It makes you more stealthy.
 B - a +0 helmet (worn)
Jewellery
 d - a ring of positive energy
 e - the ring "Acouga" (left hand) {Fly rElec Str+6 Int+5 Dex+3}
   (You acquired it on level 8 of the Dungeon)

   [ring of strength]

   Str:       It affects your strength (+6).
   Int:       It affects your intelligence (+5).
   Dex:       It affects your dexterity (+3).
   rElec:     It insulates you from electricity.
   Fly:       It grants you flight.
 w - a +6 ring of dexterity (right hand)
Wands
 p - a wand of iceblast (13)
 r - a wand of flame (2)
Scrolls
 g - 2 scrolls of vulnerability
 i - 3 scrolls of teleportation
 j - 2 scrolls of poison {unknown}
 u - 2 scrolls of fog
Potions
 c - 2 potions of lignification
 h - 2 potions of magic
 l - 2 potions of haste
 o - a potion of attraction
 t - 2 potions of resistance
 v - a potion of might


   Skills:
 + Level 6.3 Fighting
 * Level 7.0 Short Blades
 - Level 4.1 Dodging
 - Level 6.4 Stealth
 - Level 5.0 Spellcasting
 * Level 8.6 Necromancy


You had 11 spell levels left.
You knew the following spells:

 Your Spells              Type           Power      Damage    Failure   Level
a - Vampiric Draining     Necr           39%        2d8       1%          3
b - Agony                 Necr           39%        N/A       16%         5

Your spell library contained the following spells:

 Spells                   Type           Power      Damage    Failure   Level
 Necrotise                Necr           100%       1d9       1%          1
 Shock                    Conj/Air       20%        1d4       21%         1
 Slow                     Hex            20%        N/A       21%         1
 Confusing Touch          Hex            5%         N/A       52%         3
 Dazzling Flash           Conj/Hex       10%        N/A       52%         3
 Swiftness                Air            5%         N/A       52%         3
 Airstrike                Air            2%         2d(1-17)  89%         4
 Silence                  Hex/Air        2%         N/A       99%         5
 Animate Dead             Necr           Unusable   N/A       N/A         4

Dungeon Overview and Level Annotations

Branches:
Dungeon (10/15)            Temple (1/1) D:7            Lair (0/5) D:9
    Orc: D:9-12

Altars:
Dithmenos
Fedhas
Gozag
Hepliaklqana
Kikubaaqudgha
Okawaru
Qazlal
Sif Muna
Trog
Xom
Yredelemnul
The Shining One

Shops:
D:2 *


Innate Abilities, Weirdness & Mutations

You have razor-sharp teeth.
Your natural rate of healing is unusually fast.
When hurt, damage is shared between your health and your magic reserves.
Your bite disrupts and absorbs the magic of your enemies.
Potions cannot restore your health.


Message History

You feel sick. The killer bee barely misses you.
You hit the killer bee.
The killer bee is moderately wounded.
You feel sick. The killer bee misses you.
You hit the killer bee.
The killer bee is severely wounded.
You feel sick. The killer bee misses you.
Your system rejects the healing.
You feel better.
The killer bee stings you but does no damage.
The killer bee misses you.
You hit the killer bee.
The killer bee is poisoned.
The killer bee is almost dead.
You kill the killer bee!
Your Short Blades skill increases to level 7!
There is an open door here.
The killer bee is distracted by your dazzling golden aura.
The killer bee buzzes angrily. x2
The killer bee barely misses you.
The killer bee is no longer distracted by gold.
The killer bee barely misses you. The killer bee stings you!
* * * LOW HITPOINT WARNING * * *
The killer bee misses you.
There is a stone staircase leading down here.
The killer bee stings you but does no damage. x3
The killer bee stings you.
* * * LOW HITPOINT WARNING * * *
You fly downwards.
Found 15 gold pieces, 6 stones and a potion of heal wounds.
There is a stone staircase leading up here.
As you read the scroll of teleportation, it crumbles to dust.
You feel strangely unstable.
The killer bee stings you but does no damage.
The killer bee stings you.
* * * LOW HITPOINT WARNING * * *
The killer bee stings you!
* * * LOW HITPOINT WARNING * * *
The killer bee misses you.
You barely miss the killer bee. The killer bee stings you.
You die...
Your body crumbles into a pile of gold.

## #.#
##.(#
#...#
#y..#
#@..# $
#$y.#
#......
##.......
.......
...!...
.......
.......


You could see 2 killer bees.

Vanquished Creatures
  2 two-headed ogres
  A wraith (D:6)
  8 yaks
  2 water moccasins
  2 sky beasts
  A centaur (D:8)
  2 ogres (D:6)
  3 phantoms
  3 kobold brigands
  2 scorpions (D:5)
  2 killer bees (D:9)
  A howler monkey (D:9)
  2 jellies
  9 hounds
  An orc priest (D:5)
  A sleepcap (D:6)
  Terence (D:3)
  5 iguanas
  Natasha (D:3)
  Ijyb (D:3)
  10 orc wizards
  4 gnolls
  7 adders
  3 white imps
  An ufetubus (D:7)
  4 worms
  2 dart slugs
  26 orcs
  8 ball pythons
  3 bats
  4 endoplasms
  3 giant cockroaches
  5 hobgoblins
  3 quokkas
  4 frilled lizards
  9 goblins
  26 kobolds
  9 rats
181 creatures vanquished.

Vanquished Creatures (collateral kills)
  A dart slug (D:2)
1 creature vanquished.

Grand Total: 182 creatures vanquished

Notes
Turn   | Place    | Note
-------+----------+-------------------------------------------
     0 | D:1      | DeathPants the Vine Stalker Necromancer began the quest for
                  | the Orb.
     0 | D:1      | Reached XP level 1. HP: 9/9 MP: 4/4
    97 | D:1      | Reached XP level 2. HP: 14/14 MP: 3/6
   583 | D:1      | Reached XP level 3. HP: 17/17 MP: 7/7
   737 | D:2      | Reached skill level 1 in Fighting
   947 | D:2      | Found Rydes's Assorted Antiques.
  1044 | D:2      | Gained mutation: Your natural rate of healing is unusually
                  | fast. [Vine Stalker growth]
  1044 | D:2      | Reached XP level 4. HP: 22/22 MP: 9/9
  1501 | D:2      | Bought a scroll labelled IFUGRODOADY for 22 gold pieces
  1501 | D:2      | Bought a scroll labelled GAUXIN OFRAOFE for 22 gold pieces
  1501 | D:2      | Bought a pair of boots for 99 gold pieces
  1512 | D:2      | Upgraded the game from 0.30-a0-920-g7493c07aab to
                  | 0.30-a0-924-g0ad0bf95bc
  1516 | D:2      | Learned a level 3 spell: Vampiric Draining
  1724 | D:3      | Noticed Ijyb
  1730 | D:3      | Killed Ijyb
  1731 | D:3      | Reached XP level 5. HP: 25/25 MP: 3/10
  2056 | D:3      | Noticed Natasha
  2062 | D:3      | Killed Natasha
  2115 | D:3      | Noticed Terence
  2127 | D:3      | Killed Terence
  2247 | D:3      | Reached XP level 6. HP: 30/30 MP: 0/12
  2961 | D:5      | Entered Level 5 of the Dungeon
  2964 | D:5      | Found a blossoming altar of Fedhas.
  2986 | D:4      | Reached skill level 5 in Necromancy
  3152 | D:4      | Reached XP level 7. HP: 32/35 MP: 10/13
  3746 | D:5      | Found a hazy altar of Hepliaklqana.
  3782 | D:5      | Reached skill level 5 in Stealth
  4222 | D:5      | Gained mutation: You have razor-sharp teeth. [Vine Stalker
                  | growth]
  4222 | D:5      | Reached XP level 8. HP: 29/40 MP: 13/15
  4600 | D:6      | Identified the +5 rapier of Sunlight {spect, rC+ SInv}
  4618 | D:6      | Found a shadowy altar of Dithmenos.
  4629 | D:6      | Reached skill level 5 in Spellcasting
  4629 | D:6      | Reached skill level 6 in Necromancy
  4676 | D:6      | Learned a level 5 spell: Agony
  4726 | D:6      | Reached skill level 1 in Short Blades
  4769 | D:6      | Identified the +0 ring mail of the Nice Ladybird {rCorr
                  | Dex+5 Stlth+}
  4897 | D:6      | Found a shimmering blue altar of Sif Muna.
  4961 | D:6      | Noticed a wraith
  4974 | D:6      | Killed a wraith
  5120 | D:7      | Reached XP level 9. HP: 46/46 MP: 17/17
  5166 | D:7      | Found a staircase to the Ecumenical Temple.
  5176 | Temple   | Entered the Ecumenical Temple
  5187 | Temple   | Became a worshipper of Gozag Ym Sagoz the Greedy
  5561 | D:7      | Found an ancient bone altar of Kikubaaqudgha.
  5561 | D:7      | Found a faded altar of an unknown god.
  5568 | D:7      | Found a bloodstained altar of Trog.
  5570 | D:7      | Found a glowing golden altar of the Shining One.
  5572 | D:7      | Found an iron altar of Okawaru.
  5741 | D:7      | Noticed a two-headed ogre
  5755 | D:7      | Killed a two-headed ogre
  5756 | D:7      | Reached skill level 5 in Fighting
  5756 | D:7      | Reached skill level 7 in Necromancy
  5946 | D:8      | Noticed a two-headed ogre
  5957 | D:8      | Killed a two-headed ogre
  5958 | D:8      | Reached skill level 5 in Short Blades
  6168 | D:8      | Reached XP level 10. HP: 53/53 MP: 18/18
  6168 | D:8      | Found a shimmering altar of Xom.
  6741 | D:8      | Identified a scroll of acquirement
  6742 | D:8      | Acquired the ring "Acouga" {Fly rElec Str+6 Int+5 Dex+3}
  6864 | D:9      | Found a basalt altar of Yredelemnul.
  7037 | D:8      | Reached skill level 8 in Necromancy
  7305 | D:9      | Found a staircase to the Lair.
  7322 | D:10     | Entered Level 10 of the Dungeon
  7323 | D:10     | HP: 2/53 [killer bee (4)]
  7324 | D:10     | Slain by a killer bee

Illustrated notes

Levels and vault maps discovered:
D:1:      roderic_chinese_lattice_arrival, layout_rooms
D:2:      layout_loops_ring, serial_shops, shop
D:3:      layout_basic, uniq_ijyb, uniq_terence, uniq_natasha
D:4:      layout_loops_ring, hangedman_decor_diamond_cutter
D:5:      layout_gridville, minitemple
D:6:      layout_rooms, led_sif_pool, nicolae_dithmenos_shadow_blocks
D:7:      layout_basic, chequers_temple_overflow_minitemple,
          minmay_temple_entry_statues_fountains
D:8:      layout_basic, marbit_many_paths
D:9:      layout_irregular_city, mainiacjoe_overflow_alcove_2, lair_entry_dummy
D:10:     layout_rooms, grunt_temple_overflow_order_and_chaos_2,
          zombieorc1_lemuel, uniq_grum, uniq_amaemon
Temple:   hellmonk_temple_flake

Skill      XL: |  1  2  3  4  5  6  7  8  9 10 |
---------------+-------------------------------+-----
Stealth        | 3 4 5 6 |  6.4
Fighting       | 1 2 3 4 5 6 |  6.3
Dodging        | 2 3 4 |  4.1
Spellcasting   | 3 4 5 |  5.0
Necromancy     | 5 6 7 8 |  8.6
Short Blades   | 2 5 7 |  7.0

Action                     |  1- 3 |  4- 6 |  7- 9 | 10-12 || total
---------------------------+-------+-------+-------+-------++-------
  Melee: Short sword       |    22 |       |       |       ||    22
         Bite              |    16 |    28 |    62 |    33 ||   139
         Dagger            |    42 |   106 |   141 |     4 ||   293
         Punch             |     1 |     3 |     2 |       ||     6
         Rapier            |       |       |    67 |    81 ||   148
  Throw: Throwing net      |       |       |     1 |       ||     1
   Cast: Necrotise         |    24 |    37 |    18 |       ||    79
         Vampiric Draining |       |     1 |     5 |       ||     6
         Agony             |       |       |       |     6 ||     6
  Evoke: Wand              |       |       |     1 |       ||     1
    Use: Scroll            |       |    12 |     5 |     6 ||    23
         Potion            |       |       |       |     3 ||     3
   Stab: Sleeping          |     2 |     5 |     5 |     1 ||    13
         Distracted        |       |       |     2 |     2 ||     4
 Armour: Robe              |    20 |     6 |       |       ||    26
         Leather armour    |       |    26 |    58 |       ||    84
         Ring mail         |       |       |     9 |    38 ||    47
  Dodge: Dodged            |    50 |    51 |   156 |    80 ||   337

Table legend: (Time is in decaauts)
 A = Elapsed time spent in this place.
 B = Non-inter-level travel time spent in this place.
 C = Inter-level travel time spent in this place.
 D = Time resting spent in this place.
 E = Time spent auto-exploring this place.
 F = Levels seen in this place.
 G = Mean time per level.
                   A        B        C        D        E       F      G
               +--------+--------+--------+--------+--------+-----+--------+
         Total |   7346 |   7134 |    212 |    348 |   4626 |  11 |  667.8 |
       Dungeon |   7323 |   7121 |    202 |    348 |   4625 |  10 |  732.3 |
        Temple |     22 |     12 |     10 |      0 |      1 |   1 |   22.0 |
               +--------+--------+--------+--------+--------+-----+--------+

Top non-repeatable levels by time:
     D:3: 1262 daAuts
     D:4: 1122 daAuts
     D:8: 1034 daAuts
     D:7: 890 daAuts
     D:2: 873 daAuts
     D:1: 627 daAuts
     D:6: 580 daAuts
     D:5: 579 daAuts
     D:9: 352 daAuts
  Temple: 22 daAuts
    D:10: 1 daAuts
